Map: Oxide LE

Players

ShoWTimE - Winner!

  • Race: Protoss Protoss
  • League: Grandmaster

milkicow

  • Race: Terran Terran
  • League: Grandmaster

Event: DreamHack SC2 Masters 2021 Summer

VOD

Have the link to the VOD?

Description

Time

  • Played on: May 19, 2021, 1:28 p.m.
  • Length: 17:35

All games in this series

Show
View Real Time Build Order
Export as new Build Order

ShoWTimE Protoss - Winner!

Build Orders: 1 Gate Expand, Phoenix Opening, Blink Stalkers 

Get SALT Encoding   

  12  0:00  Probe  
  13  0:12  Probe  
  14  0:17  Pylon  
  14  0:24  Probe (Chrono Boost)  
  15  0:36  Probe (Chrono Boost)  
  15  0:37  Gateway  
  16  0:44  Probe (Chrono Boost)  
  16  0:47  Assimilator  
  17  0:50  Probe  
  18  1:03  Probe  
  19  1:15  Probe  
  20  1:25  Cybernetics Core  
  20  1:33  Nexus  
  20  1:35  Probe  
  21  1:42  Pylon  
  21  1:47  Probe  
  21  1:50  Assimilator  
  22  1:58  Adept (Chrono Boost)  
  22  2:00  Probe  
  25  2:04  Warp Gate  
  25  2:12  Probe  
  26  2:20  Sentry (Chrono Boost)  
  28  2:24  Probe  
  30  2:37  Probe (Chrono Boost)  
  30  2:41  Pylon  
  30  2:44  Stalker  
  30  2:45  Probe (Chrono Boost)  
  30  2:47  Phoenix  
  30  2:50  Twilight Council  
  34  2:54  Probe x2 (Chrono Boost)  
  35  2:59  Probe (Chrono Boost)  
  35  3:00  Probe  
  37  3:06  Gateway  
  37  3:11  Probe  
  37  3:12  Probe  
  39  3:16  Stalker  
  39  3:18  Blink (Chrono Boost)  
  41  3:23  Probe  
  41  3:24  Probe  
  43  3:35  Probe  
  43  3:36  Probe  
  45  3:43  Robotics Facility  
  45  3:47  Probe  
  45  3:48  Probe, Shield Battery  
  46  3:54  Shield Battery  
  47  3:58  Pylon  
  47  3:59  Probe  
  47  4:01  Probe, Stalker  
  47  4:02  Stalker  
  53  4:15  Nexus  
  53  4:18  Pylon  
  53  4:22  Probe  
  53  4:23  Assimilator  
  54  4:26  Stalker  
  54  4:28  Probe  
  54  4:31  Observer  
  58  4:35  Probe  
  58  4:36  Stalker  
  61  4:42  Probe, Gateway  
  62  4:48  Probe  
  62  4:50  Gateway  
  63  4:54  Observer  
  63  4:55  Probe  
  63  4:58  Pylon  
  65  5:00  Probe (Chrono Boost)  
  65  5:01  Charge  
  66  5:07  Probe (Chrono Boost)  
  68  5:15  Forge  
  68  5:16  Forge  
  68  5:18  Probe (Chrono Boost)  
  68  5:19  Probe (Chrono Boost)  
  69  5:22  Assimilator  
  69  5:23  Assimilator  
  69  5:24  Probe (Chrono Boost)  
  69  5:25  Probe (Chrono Boost)  
  69  5:28  Probe  
  72  5:34  Probe  
  73  5:36  Probe  
  73  5:39  Templar Archives  
  73  5:40  Probe (Chrono Boost), Pylon  
  77  5:50  Protoss Ground Weapons Level 1, Protoss Ground Armor Level 1  
  77  5:51  Probe (Chrono Boost), Assimilator  
  77  5:52  Probe (Chrono Boost)  
  77  5:54  Probe (Chrono Boost)  
  78  5:59  Probe (Chrono Boost), Psionic Storm  
  78  6:00  Probe (Chrono Boost)  
  78  6:01  Probe (Chrono Boost)  
  81  6:04  Pylon  
  81  6:06  Probe  
  81  6:09  Gateway x2, Phoenix  
  81  6:10  Probe  
  84  6:12  Probe, Immortal (Chrono Boost)  
  88  6:22  High Templar  
  90  6:26  Gateway  
  90  6:27  Gateway  
  90  6:29  Shield Battery  
  90  6:33  High Templar  
  90  6:36  Probe  
  90  6:39  Pylon  
  93  6:42  Gateway  
  93  6:43  Gateway  
  93  6:44  High Templar  
  93  6:45  Warp Prism (Chrono Boost)  
  95  6:48  Pylon  
  95  6:53  High Templar  
  99  6:58  Pylon  
  99  6:59  Zealot  
  101  7:06  Nexus  
  101  7:12  Photon Cannon  
  101  7:13  High Templar  
  103  7:15  Zealot x2  
  103  7:18  Zealot  
  109  7:24  Zealot x3  
  113  7:35  Probe  
  106  7:37  Zealot x3  
  106  7:38  Zealot x2  
  106  7:41  Probe  
  106  7:43  Probe, Zealot  
  120  7:49  Zealot x4  
  126  7:54  Probe  
  122  8:06  High Templar x2  
  122  8:07  Probe, Archon  
  122  8:08  Observer, Photon Cannon  
  122  8:10  Zealot x2  
  131  8:14  Protoss Ground Armor Level 2 (Chrono Boost)  
  131  8:15  Zealot  
  131  8:19  Pylon  
  133  8:24  Observer, Protoss Ground Weapons Level 2 (Chrono Boost)  
  133  8:27  High Templar x3  
  139  8:36  Stalker x3  
  139  8:40  Probe, Photon Cannon  
  146  8:42  Probe  
  146  8:43  Probe  
  146  8:44  Probe  
  149  8:51  Stalker x2  
  149  8:52  Probe  
  149  8:54  Observer, Probe  
  155  8:58  Robotics Bay  
  155  9:05  Probe  
  155  9:08  Pylon  
  155  9:09  Pylon  
  156  9:11  Probe  
  149  9:22  Robotics Facility  
  149  9:23  Probe  
  148  9:25  Zealot x4  
  148  9:26  Assimilator  
  148  9:28  Assimilator  
  148  9:30  Observer (Chrono Boost)  
  157  9:33  Probe x3  
  157  9:35  Probe  
  157  9:38  Photon Cannon  
  157  9:45  Probe x2, Zealot x7  
  165  9:48  Pylon  
  169  9:53  Pylon  
  169  9:57  Archon  
  167  10:05  Colossus (Chrono Boost)  
  167  10:06  Extended Thermal Lance (Chrono Boost)  
  173  10:15  Zealot x4  
  173  10:20  Nexus  
  181  10:21  Pylon  
  181  10:23  Pylon  
  181  10:24  Dark Shrine  
  181  10:29  Pylon  
  180  10:41  Pylon  
  174  10:56  Colossus (Chrono Boost)  
  184  11:00  Colossus (Chrono Boost)  
  182  11:05  Protoss Ground Armor Level 3 (Chrono Boost), Protoss Ground Weapons Level 3 (Chrono Boost)  
  182  11:09  Nexus  
  182  11:18  High Templar  
  182  11:23  Photon Cannon  
  182  11:25  Photon Cannon  
  184  11:27  Photon Cannon, Stalker  
  184  11:28  Shadow Stride (Chrono Boost), Stalker x3  
  184  11:29  Shield Battery  
  184  11:32  Shield Battery  
  192  11:36  Pylon  
  192  11:39  Warp Prism (Chrono Boost)  
  186  11:40  High Templar, Pylon  
  186  11:42  Photon Cannon  
  188  11:49  Disruptor (Chrono Boost)  
  185  12:02  Stalker x4  
  185  12:03  Zealot x3  
  199  12:14  Disruptor (Chrono Boost)  
  200  12:19  Gateway  
  200  12:20  Gateway  
  200  12:26  Gateway  
  200  12:27  Gateway  
  200  12:43  Photon Cannon, Pylon  
  200  12:46  Disruptor x2 (Chrono Boost)  
  198  12:57  Zealot  
  198  12:58  Nexus  
  189  13:07  Dark Templar x5  
  199  13:18  Disruptor  
  198  13:26  Gateway  
  198  13:27  Probe, Gateway  
  198  13:28  Probe, Assimilator  
  198  13:30  Gateway  
  198  13:32  Gateway, Assimilator  
  198  13:34  Protoss Shields Level 1 (Chrono Boost), Dark Templar  
  198  13:38  Protoss Air Weapons Level 1 (Chrono Boost)  
  198  13:39  Gateway  
  198  13:40  Gateway  
  200  13:43  Stargate  
  200  13:47  Gravitic Boosters (Chrono Boost)  
  196  13:55  Dark Templar x2  
  200  14:08  Dark Templar x3  
  200  14:26  Pylon  
  190  14:48  Dark Templar x5  
  190  14:52  Photon Cannon  
  200  14:55  Photon Cannon  
  200  14:56  Shield Battery  
  200  14:59  Pylon  
  198  15:02  Pylon  
  181  15:10  Assimilator  
  181  15:12  Assimilator  
  177  15:22  Zealot x4  
  177  15:23  Dark Templar x2  
  177  15:28  Observer x2  
  189  15:32  Stalker  
  189  15:33  Stalker x4  
  185  15:46  Disruptor (Chrono Boost)  
  188  15:50  Disruptor (Chrono Boost)  
  188  15:55  High Templar x3  
  188  16:00  Dark Templar x8  
  188  16:01  Zealot x3  
  176  16:11  Disruptor (Chrono Boost)  
  176  16:15  Disruptor (Chrono Boost), Fleet Beacon  
  182  16:23  Zealot x9  
  199  16:48  Stalker  
  186  17:03  Disruptor x2 (Chrono Boost)  
  179  17:10  Phoenix  
  179  17:13  Stalker x5  
  179  17:14  Stalker x6  
  198  17:22  Archon  
  194  17:32  Stalker x5  
Show
View Real Time Build Order
Export as new Build Order

milkicow Terran 

Build Orders:  

Get SALT Encoding   

  12  0:00  SCV  
  13  0:12  SCV  
  14  0:17  Supply Depot  
  14  0:24  SCV  
  15  0:39  SCV  
  15  0:40  Barracks  
  16  0:44  Refinery  
  16  0:51  SCV  
  17  1:03  SCV  
  18  1:15  SCV  
  19  1:27  Marine  
  19  1:28  Orbital Command  
  20  1:41  Command Center  
  20  1:48  Barracks Reactor  
  20  1:53  SCV  
  21  1:56  Supply Depot  
  21  2:05  SCV  
  22  2:09  Factory  
  22  2:15  Refinery  
  22  2:17  SCV  
  23  2:25  Marine x2  
  23  2:29  SCV  
  26  2:41  SCV  
  26  2:43  Marine x2  
  29  2:54  SCV, Orbital Command  
  29  2:55  Starport  
  29  3:02  Hellion  
  29  3:05  Marine  
  32  3:07  SCV  
  32  3:10  Marine  
  34  3:19  SCV  
  35  3:20  SCV  
  35  3:24  Hellion  
  35  3:26  Supply Depot  
  38  3:31  SCV, Marine  
  38  3:32  SCV  
  41  3:35  Medivac  
  43  3:43  SCV  
  43  3:45  Hellion  
  46  3:49  SCV, Supply Depot  
  49  3:57  SCV  
  48  4:02  Command Center  
  48  4:05  SCV  
  48  4:07  Factory Tech Lab  
  48  4:08  Starport Tech Lab  
  49  4:11  Marine  
  49  4:15  SCV, Marine  
  52  4:18  SCV  
  53  4:26  Barracks  
  53  4:28  SCV  
  53  4:29  Raven  
  56  4:35  SCV  
  58  4:40  SCV  
  58  4:44  Supply Depot, Siege Tank  
  60  4:47  SCV  
  62  4:53  Barracks  
  62  4:54  SCV  
  62  4:58  Engineering Bay  
  62  4:59  SCV, Supply Depot  
  62  5:02  Refinery  
  62  5:05  Marine  
  62  5:06  SCV  
  64  5:11  SCV, Bunker  
  65  5:17  Orbital Command  
  65  5:18  SCV  
  65  5:19  Supply Depot  
  66  5:23  SCV  
  67  5:28  Terran Infantry Weapons Level 1  
  67  5:29  Stimpack  
  67  5:30  Refinery, Marauder  
  67  5:31  Factory Reactor  
  67  5:32  SCV  
  67  5:34  Starport Reactor  
  70  5:36  Marine  
  70  5:38  SCV  
  72  5:47  Marine  
  71  5:51  Marauder  
  71  5:52  Barracks  
  71  5:53  Combat Shield  
  71  5:54  Barracks  
  73  5:57  Marine  
  73  5:58  Marauder  
  73  6:01  SCV  
  77  6:05  Marine  
  77  6:06  SCV  
  77  6:10  Widow Mine x2  
  77  6:11  Orbital Command, Medivac x2  
  83  6:13  Marauder  
  83  6:15  Marine  
  83  6:16  SCV  
  89  6:19  Marauder  
  89  6:21  SCV, Missile Turret  
  92  6:26  Armory  
  92  6:27  Engineering Bay  
  92  6:28  SCV  
  92  6:32  Marine, Supply Depot  
  94  6:33  SCV  
  94  6:36  SCV  
  94  6:38  Widow Mine, Marine  
  94  6:39  Marine  
  100  6:40  SCV  
  100  6:41  Barracks Tech Lab  
  101  6:49  Supply Depot  
  101  6:53  Marine  
  101  6:54  SCV x3  
  105  6:55  Terran Infantry Armor Level 1  
  105  6:56  Supply Depot  
  105  6:57  Supply Depot  
  105  7:00  Marine  
  108  7:01  Marauder  
  108  7:06  SCV  
  109  7:10  SCV, Marine  
  109  7:11  Marauder x2  
  109  7:12  Widow Mine  
  117  7:16  Supply Depot  
  117  7:21  Marine, Supply Depot  
  120  7:22  Marauder  
  118  7:30  Marine  
  118  7:32  Marauder  
  111  7:38  Marauder, Marine  
  111  7:39  SCV x2  
  111  7:41  Widow Mine  
  111  7:43  Widow Mine  
  120  7:47  SCV, Marine  
  120  7:48  Terran Infantry Weapons Level 2, Marauder, Medivac x2  
  120  7:51  SCV  
  126  8:00  Marine  
  126  8:01  Marauder  
  126  8:02  SCV x2  
  126  8:03  Widow Mine, SCV  
  126  8:04  Refinery, Marauder, Marine  
  126  8:05  Refinery  
  136  8:07  Ghost Academy  
  136  8:08  Widow Mine, Marine  
  141  8:17  SCV  
  141  8:18  SCV  
  143  8:24  Bunker  
  143  8:26  Command Center  
  143  8:28  SCV  
  143  8:29  SCV  
  143  8:30  SCV  
  144  8:34  Supply Depot  
  144  8:36  Enhanced Shockwaves, Supply Depot  
  144  8:37  Ghost x3  
  144  8:38  Marine  
  149  8:48  Barracks x3  
  149  8:55  SCV, Marine x2  
  149  8:56  Widow Mine x2, Marine, Supply Depot  
  149  9:00  Terran Infantry Armor Level 2  
  149  9:01  Terran Ship Weapons Level 1  
  157  9:06  Marine, Missile Turret  
  157  9:07  Marauder x2  
  158  9:17  Widow Mine  
  158  9:19  Viking  
  158  9:21  SCV  
  158  9:22  SCV x2  
  158  9:24  Ghost  
  163  9:27  Ghost  
  163  9:28  Marine  
  163  9:29  Marauder  
  170  9:32  Marine  
  170  9:34  SCV  
  173  9:44  Barracks Reactor, Barracks Tech Lab x3  
  167  9:50  Marauder  
  169  9:53  Marauder  
  169  9:57  Marauder, Marine  
  174  10:00  Marine  
  174  10:02  Marine  
  174  10:03  Marauder  
  174  10:05  Ghost  
  174  10:06  SCV  
  181  10:07  SCV  
  181  10:12  Marauder  
  183  10:17  Command Center  
  183  10:18  Starport, Planetary Fortress, Fusion Core  
  183  10:19  Supply Depot  
  183  10:20  Command Center  
  183  10:22  Refinery x2  
  183  10:42  Terran Infantry Weapons Level 3  
  187  10:45  Marine  
  188  10:51  Marine  
  188  10:53  Liberator  
  188  11:03  Factory Tech Lab  
  187  11:05  Terran Ship Weapons Level 2  
  183  11:15  Liberator, Supply Depot  
  183  11:16  Supply Depot  
  186  11:23  Command Center, Supply Depot  
  186  11:25  Supply Depot  
  186  11:27  Command Center  
  186  11:28  Liberator x2  
  186  11:30  Orbital Command  
  196  11:37  Missile Turret  
  193  11:41  Orbital Command  
  193  11:45  SCV, Sensor Tower  
  193  11:46  Sensor Tower  
  190  11:48  Liberator  
  190  11:49  SCV x2  
  195  12:01  Liberator  
  184  12:09  Ghost x3  
  184  12:14  Liberator x2  
  190  12:16  Siege Tank  
  190  12:21  Marauder, Marine  
  196  12:29  Terran Infantry Armor Level 3  
  194  12:37  Command Center  
  108  12:44  Orbital Command  
  194  12:50  Command Center  
  192  12:51  Personal Cloaking  
  192  12:55  Viking x2  
  196  13:03  Orbital Command  
  193  13:10  Liberator  
  193  13:11  Marauder, Marine x2  
  197  13:30  Terran Ship Weapons Level 3  
  197  13:33  Ghost Academy x2  
  197  13:54  Liberator  
  198  14:07  Planetary Fortress, Viking x2  
  199  14:13  Liberator  
  200  14:17  Nuke  
  200  14:21  Refinery  
  200  14:22  Refinery  
  200  14:23  Command Center  
  200  14:25  Missile Turret x2  
  200  14:28  Sensor Tower  
  200  14:31  Advanced Ballistics  
  189  14:44  Liberator x2  
  195  14:46  Orbital Command  
  195  14:55  Nuke x2  
  190  15:10  Neosteel Armor  
  190  15:14  Marauder, Marine, Planetary Fortress  
  182  15:15  Marine  
  182  15:16  SCV, Marauder  
  182  15:21  SCV  
  186  15:26  Nuke  
  173  15:49  Liberator x2  
  165  15:58  Marauder, Marine  
  154  16:04  Marauder, Marine x2  
  154  16:05  Marauder, Marine  
  154  16:06  SCV, Marauder  
  154  16:09  SCV x2  
  163  16:17  SCV  
  163  16:18  SCV x4  
  168  16:19  Planetary Fortress  
  168  16:24  SCV  
  169  16:31  Nuke  
  169  16:35  SCV  
  170  16:41  SCV  
  170  16:43  SCV, Command Center  
  170  16:45  Missile Turret  
  170  16:48  Sensor Tower  
  170  16:53  Marauder, Marine  
  165  17:03  SCV  
  160  17:13  SCV x2  
Tags
 
Add a new tag
Caveats
  • Supply blocks, unpowered buildings, or Contaminate may cause inaccurate times.
  • Supply counts are checked every 10 seconds.